 Dungeon Crawl Stone Soup version 0.28.0-53-g5a82cb258f (webtiles) character file.

Game seed: 12583833909411834841

340 jjjjhere the Conjurer (level 6, -4/32 HPs)
             Began as a Kobold Conjurer on Oct 4, 2022.
             Was an Initiate of Ashenzari.
             Slain by a gnoll
             ... wielding a +0 flail
              (8 damage)
             ... on level 4 of the Dungeon.
             The game lasted 00:07:18 (5602 turns).

jjjjhere the Conjurer (Kobold Conjurer)             Turns: 5602, Time: 00:07:19

Health: -4/32      AC:  2    Str:  4    XL:     6   Next: 87%
Magic:  4/11       EV: 15    Int: 24    God:    Ashenzari [......]
Gold:   162        SH:  0    Dex: 15    Spells: 5/12 levels left

rFire   . . .      SeeInvis .   b - +1 short sword (venom)
rCold   . . .      Faith    .   (no shield)
rNeg    . . .      Spirit   .   f - +0 robe
rPois   .          Reflect  .   (no helmet)
rElec   .          Harm     .   (no cloak)
rCorr   .          Rampage  .   (no gloves)
Will    .....                   (no boots)
Stlth   +++.......              (no amulet)
HPRegen 0.10/turn               (no ring)
MPRegen 0.12/turn               (no ring)

@: hasted, very quick
A: small, no large weapons, nightstalker 3, agile 1, clever 1
a: Renounce Religion


You were on level 4 of the Dungeon.
You worshipped Ashenzari.
Ashenzari was noncommittal.
You visited 1 branch of the dungeon, and saw 5 of its levels.

You collected 162 gold pieces.

Inventory:

Hand Weapons
 a - a +1 whip of electrocution
 b - a +1 short sword of venom (weapon)
Missiles
 m - 5 boomerangs
Armour
 f - a +0 robe (worn)
Jewellery
 j - a ring of protection from fire
 r - a ring of wizardry
Scrolls
 d - a scroll of teleportation {unknown}
 e - 3 scrolls of identify {unknown}
 k - 2 scrolls of enchant armour {unknown}
 o - 2 scrolls of amnesia {unknown}
 p - a scroll of immolation {unknown}
 q - 2 scrolls of fear {unknown}
Potions
 c - 2 potions of mutation
 h - a potion of berserk rage {unknown}
 i - a potion of heal wounds {unknown}
 l - a potion of curing {unknown}
 n - 2 potions of attraction {unknown}


   Skills:
 + Level 2.3 Short Blades
 - Level 1.2 Maces & Flails
 - Level 2.4 Dodging
 - Level 3.2 Stealth
 - Level 3.7 Spellcasting
 * Level 5.9 Conjurations
 + Level 1.6 Hexes


You had 5 spell levels left.
You knew the following spells:

 Your Spells              Type           Power      Damage    Failure   Level
a - Magic Dart            Conj           100%       1d8       1%          1
b - Searing Ray           Conj           66%        2d6       1%          2
c - Fulminant Prism       Conj/Hex       11%        3d9       22%         4

Your spell library contained the following spells:

 Spells                   Type           Power      Damage    Failure   Level
 Dazzling Flash           Conj/Hex       44%        N/A       6%          3
 Stone Arrow              Conj/Erth      36%        3d9       9%          3
 Sandblast                Erth           8%         2d5       10%         1
 Passwall                 Tmut/Erth      3%         N/A       16%         2
 Iskenderun's Mystic Bla  Conj/Tloc      18%        2d6       30%         4
 Malign Gateway           Summ/Tloc      2%         N/A       100%        7
 Summon Horrible Things   Summ           2%         N/A       100%        8


Dungeon Overview and Level Annotations

Branches:
Dungeon (5/15)
 Temple: D:4-7

Altars:
Ashenzari
Vehumet

Annotations:
D:3 exclusion: statue
D:4 Edmund


Innate Abilities, Weirdness & Mutations

You are small and have problems with some larger weapons.
You are completely attuned to the shadows.
You are agile. (Dex +2)
Your mind is acute. (Int +2)


Message History

There is a stone staircase leading down here.
An orc comes into view. It is wielding a +0 flail.
The orc moves out of view.
You hear the slow rusting of a distant drain.
The orc shouts!
You hear a shout!
There is a stone staircase leading up here.
Casting: Magic Dart (safe; 1% risk of failure)
Confirm with . or Enter, or press ? or * to list all spells.
The spell is extremely dangerous to miscast (22% risk of failure)!
Continue anyway? [Y]es or [N]o only, please.
The spell is extremely dangerous to miscast (22% risk of failure)!
Continue anyway?
Aiming: Fulminant Prism (extremely dangerous; 22% risk of failure)
Press: ? - help, Dir - move target, p - gnoll You conjure a prism of explosive energy!
A fulminant prism comes into view.
Your fulminant prism is smitten.
Your fulminant prism detonates feebly.
Casting: Fulminant Prism (extremely dangerous; 22% risk of failure)
Confirm with . or Enter, or press ? or * to list all spells.
Aiming: Searing Ray (safe; 1% risk of failure)
Press: ? - help, Shift-Dir - straight line The searing ray hits the orc.
The orc is severely wounded. (Press . to maintain the ray.)
You hear a shout!
The searing ray hits the orc.
You kill the orc!
An orc comes into view. It is wielding a +0 falchion.
The orc priest mumbles some strange prayers to Beogh against you.
Beogh smites you! The gnoll hits you with a +0 flail!
The orc priest mumbles some strange prayers to Beogh against you.
Beogh smites you!
* * * LOW HITPOINT WARNING * * *
You climb upwards.
Level annotation: Edmund
There is a stone staircase leading down here.
You feel yourself speed up. The gnoll barely misses you.
The gnoll hits you with a +0 flail!
You die...

#.# #.......# #.#
#.#####.# #.### #.#
#.# ###...####.# #.#
........)..# #.#
#####.###### #.#
####.##########.#
#.............g>#
#.##.##########@####
##.##.# #....#
....#.# #..#.#
##..#.# ##...#
##..#.# ##.##
#...#.# ##### #.#
......######...# #.#
.............#.# #.#
...............# #.#


You could see a gnoll.

Vanquished Creatures
  An ogre (D:4)
  A scorpion (D:4)
  A hound (D:4)
  A howler monkey zombie (D:4)
  2 adders
  6 gnolls
  A worm (D:2)
  2 dart slugs (D:2)
  11 orcs
  3 endoplasms
  3 giant cockroaches
  4 goblins
  3 hobgoblins (D:3)
  9 jackals
  10 kobolds
  3 quokkas
  7 ball pythons
  2 bats (D:1)
  A frilled lizard (D:1)
  A quokka skeleton (D:4)
  2 rats
74 creatures vanquished.

Vanquished Creatures (others)
  A fulminant prism (D:5)
1 creature vanquished.

Grand Total: 75 creatures vanquished

Notes
Turn   | Place    | Note
-------+----------+-------------------------------------------
     0 | D:1      | jjjjhere the Kobold Conjurer began the quest for the Orb.
     0 | D:1      | Reached XP level 1. HP: 10/10 MP: 3/3
   174 | D:1      | Reached XP level 2. HP: 10/15 MP: 0/5
   461 | D:1      | Learned a level 2 spell: Searing Ray
   734 | D:1      | Reached XP level 3. HP: 19/19 MP: 4/6
  1650 | D:2      | Reached XP level 4. HP: 20/24 MP: 4/8
  2752 | D:3      | Identified the +0 ring mail of Lesser Demons {Stlth+}
  2832 | D:3      | Found a faded altar of an unknown god.
  2858 | D:3      | Reached skill level 1 in Maces & Flails
  2858 | D:3      | Reached XP level 5. HP: 28/28 MP: 4/10
  2972 | D:3      | Reached skill level 5 in Conjurations
  3069 | D:3      | HP: 9/28 [quokka (2)]
  4038 | D:3      | Found a radiant altar of Vehumet.
  4040 | D:3      | Noticed a frost-covered statue
  4279 | D:4      | Learned a level 4 spell: Fulminant Prism
  4351 | D:4      | Found a broken altar of Ashenzari.
  4384 | D:4      | Became a worshipper of Ashenzari the Shackled
  4390 | D:4      | Noticed an ogre
  4460 | D:4      | Gained mutation: You are agile. (Dex +2) [potion of
                  | mutation]
  4460 | D:4      | Gained mutation: Your mind is acute. (Int +2) [potion of
                  | mutation]
  4474 | D:4      | Reached skill level 1 in Short Blades
  4474 | D:4      | Reached skill level 1 in Hexes
  4474 | D:4      | Reached XP level 6. HP: 14/32 MP: 4/11
  4486 | D:4      | Killed an ogre
  4680 | D:4      | Noticed Edmund
  5545 | D:5      | Entered Level 5 of the Dungeon
  5599 | D:5      | HP: 4/32 [orc priest/divine providence (9)]
  5602 | D:4      | Slain by a gnoll

Illustrated notes

Levels and vault maps discovered:
D:1:      nzn_arrival_settlement, layout_rooms
D:2:      layout_basic
D:3:      layout_basic, vehumet_statue, ebering_ecumenical_altar_hall
D:4:      layout_loops_ring, mainiacjoe_overflow_24_doors, corner_web_ring,
          uniq_edmund
D:5:      layout_cave_pools, lightli_sewer_entry_pipes, serial_gnoll_camp,
          gnoll_camp_mini_house, gnoll_camp_mini_basic, gnoll_camp_mini_shop,
          gnoll_camp_medium_01, gnoll_camp_mini_shop, gnoll_camp_huts_basic,
          solitary_fountain

Skill      XL: |  1  2  3  4  5  6 |
---------------+-------------------+-----
Stealth        | 3 |  3.2
Spellcasting   | 3 |  3.7
Maces & Flails | 1 |  1.2
Conjurations   | 5 |  5.9
Short Blades   | 1 2 |  2.3
Hexes          | 1 |  1.6
Dodging        | |  2.4

Action                   |  1- 3 |  4- 6 || total
-------------------------+-------+-------++-------
Melee: Dagger            |    21 |    22 ||    43
       Whip              |    14 |    18 ||    32
       Short sword       |       |    21 ||    21
       Punch             |       |     1 ||     1
 Cast: Magic Dart        |    30 |    21 ||    51
       Searing Ray       |     3 |    14 ||    17
       Fulminant Prism   |       |     1 ||     1
  Use: Potion            |       |     3 ||     3
 Stab: Sleeping          |     9 |    10 ||    19
       Distracted        |     1 |     1 ||     2
Armor: Robe              |    11 |     5 ||    16
Dodge: Dodged            |    38 |    61 ||    99
